 Dungeon Crawl Stone Soup version 0.27.0-1-g7a089689b8 (webtiles) character file.

Game seed: 4369306053863380955

37 ZombieSheep the Sneak (level 3, 0/23 HPs)
             Began as an Octopode Enchanter on Aug 3, 2021.
             Killed by nerve-wracking pain
             ... invoked by Jessica
              (9 damage)
             ... on level 2 of the Dungeon.
             The game lasted 00:02:07 (1851 turns).

ZombieSheep the Sneak (Octopode Enchanter)          Turns: 1851, Time: 00:02:07

Health: 0/23       AC:  1    Str:  7    XL:     3   Next: 41%
Magic:  6/6        EV: 13    Int: 18    God:
Gold:   60         SH:  0    Dex: 12    Spells: 5/6 levels left

rFire    . . .     SeeInvis .   a - +1 dagger
rCold    . . .     Faith    .   (no shield)
rNeg     . . .     Spirit   .   (helmet restricted)
rPois    .         Reflect  .   (no amulet)
rElec    .         Harm     .   (no ring)
rCorr    .         Rampage  .   (no ring)
Will     .....                  (no ring)
Stlth    ++++......             (no ring)
HPRegen  0.07/turn              (no ring)
MPRegen  0.10/turn              (no ring)
                                (no ring)
                                (no ring)

@: no status effects
A: almost no armour, amphibious, 8 rings, camouflage 1, gelatinous body 1,
(nimble swimmer 1), tentacles
a: no special abilities


You were on level 2 of the Dungeon.
You visited 1 branch of the dungeon, and saw 2 of its levels.

You collected 60 gold pieces.

Inventory:

Hand Weapons
 a - a +1 dagger (weapon)
Scrolls
 b - a scroll of teleportation {unknown}
Potions
 c - 3 potions of flight {unknown}


   Skills:
 + Level 1.3 Fighting
 + Level 1.7 Short Blades
 + Level 2.5 Dodging
 + Level 4.5 Stealth
 - Level 2.0 Spellcasting
 - Level 3.0 Hexes


You had 5 spell levels left.
You knew the following spells:

 Your Spells              Type           Power      Damage    Failure   Level
a - Corona                Hex            13%        N/A       5%          1

Your spell library contained the following spells:

 Spells                   Type           Power      Damage    Failure   Level
 Ensorcelled Hibernation  Hex/Ice        14%        N/A       14%         2
 Confusing Touch          Hex            12%        N/A       16%         3
 Tukima's Dance           Hex            12%        N/A       16%         3
 Dazzling Flash           Conj/Hex       14%        N/A       28%         3


Dungeon Overview and Level Annotations

Branches:
Dungeon (2/15)

Altars:
Trog

Annotations:
D:2 Jessica, Robin


Innate Abilities, Weirdness & Mutations

You cannot wear most types of armour.
You are amphibious.
You can wear up to eight rings at the same time.
Your skin changes colour to match your surroundings (Stealth+).
Your rubbery body absorbs attacks. (AC +1, EV +1)
((You are camouflaged near water. (Stealth+)))
You have tentacles for arms and can constrict up to eight enemies at once.


Message History

No target in view!
You open the door.
There is an open door here.
c - 3 amethyst potions (gained 2)
There is an open door here.
You open the door.
There is an open door here.
There is an open door here.
You open the door.
There is an open door here.
You see here a +0 robe.
You open the door.
There is an open door here.
A bat comes into view.
Found 16 gold pieces.
Jessica the Apprentice Sorceress comes into view.
She is wielding a +0 club.
Found an escape hatch in the floor.
The helpless bat fails to defend itself.
You puncture the bat!
You kill the bat!
Jessica shouts!
You see here a bat corpse.
Jessica barely misses you.
You hit Jessica. Your grab misses Jessica.
Jessica is lightly wounded.
Jessica casts a spell at you. Pain shoots through your body!
You barely miss Jessica. Your grab misses Jessica. You squeeze Jessica.
Jessica is heavily wounded.
Jessica hits you with a +0 club.
You hit Jessica. You grab Jessica.
Jessica is heavily wounded.
You constrict Jessica. Jessica hits you with a +0 club.
You are too injured to fight recklessly!
You hit Jessica. You squeeze Jessica, but do no damage.
Jessica is severely wounded.
You constrict Jessica.
Jessica points at you and mumbles some strange words.
Pain shoots through your body!
You die...

#.....#.#
#########.#########.###
#.....#.# #..# #.........
#.....#.# ##.###.........
#.#####'### #.............
#......# ##............
#......# #............
#......############.#......##.
#.............$.###.#......##.
##########.†.@@...#........##.
......>.......+.........+.
######........##.#####.##.
+........+... #.##.
#........### #.##. ######+###
.##. ## # #


You could see Jessica.

Vanquished Creatures
  A worm (D:2)
  A dart slug (D:2)
  2 ball pythons (D:1)
  4 bats (D:2)
  3 endoplasms
  2 hobgoblins (D:2)
  2 jackals (D:2)
  2 kobolds
  A quokka (D:1)
  3 frilled lizards
  4 goblins (D:1)
  7 rats
32 creatures vanquished.

Notes
Turn   | Place    | Note
-------+----------+-------------------------------------------
     0 | D:1      | ZombieSheep the Octopode Enchanter began the quest for the
                  | Orb.
     0 | D:1      | Reached XP level 1. HP: 11/11 MP: 3/3
   254 | D:1      | Reached XP level 2. HP: 6/18 MP: 5/5
   619 | D:1      | Found a faded altar of an unknown god.
  1014 | D:2      | Reached skill level 1 in Fighting
  1195 | D:2      | Reached XP level 3. HP: 23/23 MP: 6/6
  1590 | D:2      | Found a bloodstained altar of Trog.
  1592 | D:2      | Noticed Robin
  1841 | D:2      | Noticed Jessica
  1851 | D:2      | Killed from afar by Jessica

Illustrated notes

Levels and vault maps discovered:
D:1:      lightli_arrival_statue_moat, layout_basic,
          shapermc_ecumenical_altar_mp_highgroup, hangedman_abyss_or_decor_stabs
D:2:      layout_basic, basic_altar, minivault_23, minmay_tetromino_l2,
          uniq_jessica, uniq_robin

Skill      XL: |  1  2 |
---------------+-------+-----
Fighting       | 1 |  1.3
Short Blades   | |  1.7
Dodging        | |  2.5
Stealth        | |  4.5
Spellcasting   | |  2.0
Hexes          | |  3.0

Action                   || total
-------------------------++-------
Melee: Dagger            ||    77
       Constrict         ||    17
       Tentacles         ||    12
  Use: Scroll            ||     1
 Stab: Sleeping          ||    10
Armor: Skin              ||     7
Dodge: Dodged            ||    30
